 Dungeon Crawl Stone Soup version 0.24.0-5-g267a8d59f4 (webtiles) character file.

Game seed: 15395975075964398717, levelgen mode: deterministic

37252 inmateoo the Martial Artist (level 13, -21/70 HPs)
             Began as a Vine Stalker Earth Elementalist on Nov 2, 2019.
             Was the Champion of Cheibriados.
             Demolished by an ettin
             ... wielding a +0 dire flail
              (25 damage)
             ... on level 15 of the Dungeon.
             The game lasted 00:25:23 (12267 turns).

inmateoo the Martial Artist (VSEE)                 Turns: 12267, Time: 00:25:23

Health: -21/70     AC: 21    Str: 28    XL:     13   Next: 95%
Magic:  0/19       EV: 16    Int: 30    God:    Cheibriados [******]
Gold:   552        SH:  8    Dex: 38    Spells: 15/16 levels left

rFire    + + .     SeeInvis .     - Unarmed
rCold    + . .     Gourm    .   F - +0 buckler
rNeg     . . .     Faith    .   G - +6 chain mail of Amop {rElec rF+ Slay+3}
rPois    +         Spirit   +   i - +2 helmet
rElec    +         Reflect  .   I - scarf {rC+ rF+}
rCorr    .         Harm     .   v - +1 pair of gloves
MR       +....                  (no boots)
Stlth    ..........             E - amulet of the acrobat
HPRegen  1.01/turn              n - +5 ring of dexterity
MPRegen  0.16/turn              x - ring of poison resistance

@: very slow
A: fangs 3, regeneration 2, magic shield, antimagic bite, no potion heal 3, rot
immunity
a: Bend Time, Temporal Distortion, Slouch, Step From Time, Renounce Religion


You were on level 15 of the Dungeon.
You worshipped Cheibriados.
Cheibriados was exalted by your worship.
You were not hungry.

You visited 2 branches of the dungeon, and saw 16 of its levels.

You collected 1077 gold pieces.
You spent 525 gold pieces at shops.

Inventory:

Hand Weapons
 H - the +0 lajatang of Xavur {flame, rElec Dex+6}
   (You found it on level 8 of the Dungeon)

   It has been specially enchanted to burn those struck by it, causing extra
   injury to most foes and up to half again as much damage against particularly
   susceptible opponents.
   Big, fiery blades are also staple armaments of hydra-hunters.
   It affects your dexterity (+6).
   It insulates you from electricity.
Missiles
 b - 8 javelins
 g - 3 boomerangs of dispersal
 s - 188 stones
 D - 5 silver boomerangs (quivered)
Armour
 i - a +2 helmet (worn)
 v - a +1 pair of gloves (worn)
 F - a +0 buckler (worn)
 G - the +6 chain mail of Amop (worn) {rElec rF+ Slay+3}
   (You bought it in a shop on level 10 of the Dungeon)

   It affects your accuracy and damage with ranged weapons and melee attacks
   (+3).
   It protects you from fire.
   It insulates you from electricity.
 I - a scarf of resistance (worn)
Jewellery
 n - a +5 ring of dexterity (left hand)
 x - a ring of poison resistance (right hand)
 E - an amulet of the acrobat (around neck)
Wands
 m - a wand of flame (16)
 q - a wand of acid (17)
 t - a wand of paralysis (15)
 A - a wand of digging (4)
 B - a wand of iceblast (4)
 J - a wand of disintegration (6)
Scrolls
 c - 7 scrolls of teleportation
 f - 2 scrolls of magic mapping
 h - a scroll of amnesia
 l - 2 scrolls of enchant armour
 o - 4 scrolls of remove curse
 p - a scroll of acquirement {unknown}
 y - a scroll of fog
Potions
 a - 5 potions of flight
 e - 3 potions of lignification
 j - 3 potions of mutation {unknown}
 k - 2 potions of magic
 r - 2 potions of agility
 u - 2 potions of cancellation
 z - 3 potions of brilliance
 C - 6 potions of curing
Miscellaneous
 w - a lamp of fire
Comestibles
 d - 28 rations
 K - a chunk of flesh


   Skills:
 + Level 8.8 Fighting
 + Level 8.2 Throwing
 * Level 6.3 Armour
 - Level 7.0 Dodging
 - Level 2.4 Stealth
 - Level 4.0 Shields
 * Level 13.6 Unarmed Combat
 - Level 2.1 Spellcasting
   Level 1.0 Transmutations
 - Level 3.0 Earth Magic
 + Level 7.4 Invocations


You had 15 spell levels left.
You knew the following spells:

 Your Spells              Type           Power        Failure   Level  Hunger
a - Sandblast             Erth           ###...       12%         1    None

Your spell library contained the following spells:

 Spells                   Type           Power        Failure   Level  Hunger
 Passwall                 Tmut/Erth      ###.....     26%         2    ##.....
 Apportation              Tloc           #.....       36%         1    None
 Corona                   Hex            #......      36%         1    None
 Summon Butterflies       Summ           #.......     36%         1    None
 Ensorcelled Hibernation  Hex/Ice        #.....       52%         2    ##.....
 Poisonous Vapours        Pois/Air       #.....       52%         2    ##.....
 Stone Arrow              Conj/Erth      ##....       54%         3    ###....
 Confuse                  Hex            #.......     75%         3    ###....
 Conjure Flame            Conj/Fire      #.......     75%         3    ###....
 Dazzling Spray           Conj/Hex       #.....       75%         3    ###....
 Lesser Beckoning         Tloc           #.........   75%         3    ###....
 Mephitic Cloud           Conj/Pois/Air  #.......     75%         3    ###....
 Summon Guardian Golem    Hex/Summ       #.......     75%         3    ###....
 Tukima's Dance           Hex            #.......     75%         3    ###....
 Petrify                  Tmut/Erth      ###.....     86%         4    ####...
 Lee's Rapid Deconstruct  Erth           ###.......   97%         5    ######.
 Cause Fear               Hex            #.........   98%         4    ####...
 Iskenderun's Mystic Bla  Conj           #.......     98%         4    ####...
 Summon Lightning Spire   Summ/Air       #.......     98%         4    ####...
 Throw Icicle             Conj/Ice       #.......     98%         4    ####...
 Alistair's Intoxication  Tmut/Pois      #.......     100%        5    ######.
 Iskenderun's Battlesphe  Conj/Chrm      #.......     100%        5    ######.
 Silence                  Hex/Air        #.........   100%        5    ######.
 Conjure Ball Lightning   Conj/Air       #.........   100%        6    #######
 Deflect Missiles         Chrm/Air       #.........   100%        6    #######
 Freezing Cloud           Conj/Ice/Air   #.........   100%        6    #######
 Invisibility             Hex            #.......     100%        6    #######
 Ring of Flames           Chrm/Fire      #.........   100%        7    #######
 Tornado                  Air            #.........   100%        9    #######


Dungeon Overview and Level Annotations

Branches:
Dungeon (15/15)            Temple (1/1) D:5            Lair (0/6) D:8
    Orc (0/2) D:11         Vaults (0/5) D:13
 Depths: D:15

Altars:
Cheibriados
Fedhas
Gozag
Okawaru
Sif Muna
Uskayaw
Wu Jian
Xom
Zin

Shops:
D:10 =[(

Annotations:
D:12 Sonja


Innate Abilities, Weirdness & Mutations

You have razor-sharp teeth.
You heal very quickly.
When hurt, damage is shared between your health and your magic reserves.
Your bite disrupts and absorbs the magic of your enemies.
Potions cannot restore your health.
You are immune to rotting.


Message History

Unknown command.
Okay, then.
Okay, then.
You can feel time thicken for a moment.
You feel somewhat more hungry.
The hell knight hits you with a +3 scimitar of pain!
* * * LOW HITPOINT WARNING * * *
You writhe in agony.
* * * LOW HITPOINT WARNING * * *
You block the hell knight's attack.
Unknown command.
You don't have enough magic at the moment.
Unknown command.
Unknown command.
You punch the hell knight! You bite the hell knight!
You kill the hell knight!
Cheibriados thoroughly appreciates the change of pace.
The ettin hits you with a +0 dire flail.
* * * LOW HITPOINT WARNING * * *
The ettin hits you with a +2 dire flail of protection!!
You die...

### #.. ... .. #
#.#. ..# ###)#
..#@# # #.#C####.#
.. #.#O...C#
##.#+#+#.#.^##.....
.............# ...
#......####.# #
#...........#
#.......#######
#.......รท.....###.


You could see an ettin and an ogre mage.

Vanquished Creatures
  A tengu reaver (D:11)
  Nessos (D:12)
  A fire dragon (D:13)
  A yaktaur captain (D:11)
  5 two-headed ogres
  4 centaur warriors
  A hell knight (D:15)
  A fire crab (shapeshifter) (D:13)
  3 unseen horrors
  2 phantasmal warriors
  2 ugly things (D:11)
  Pikel (D:5)
  A manticore (D:14)
  A deep elf mage (D:15)
  2 cyclopes
  Maurice (D:9)
  2 gargoyles
  A komodo dragon (D:10)
  2 tengu conjurers (D:13)
  6 trolls
  A hornet (D:15)
  A slime creature (D:11)
  5 hippogriffs
  Eustachio (D:6)
  3 wyverns
  3 hogs (D:9)
  17 yaks
  2 vampires
  3 wraiths
  A basilisk (D:12)
  A human (D:9)
  Grum (D:11)
  2 hungry ghosts
  2 acid dragons (D:11)
  5 porcupines (D:8)
  8 orc warriors
  A swamp drake (D:11)
  3 phantoms
  2 eyes of draining
  5 ice beasts
  4 sky beasts
  4 black bears
  10 ogres
  2 wolves (D:11)
  8 centaurs
  2 big kobolds
  2 crocodiles
  14 bullfrogs
  A wyvern zombie (D:14)
  2 gnoll sergeants
  6 scorpions
  A water moccasin skeleton (D:6)
  6 killer bees (D:9)
  8 howler monkeys
  16 wights
  A bullfrog zombie (D:12)
  9 crimson imps
  A quasit (D:8)
  3 centaur zombies
  4 hounds
  11 orc priests
  A bullfrog skeleton (D:5)
  2 jellies (D:9)
  6 centaur skeletons
  Natasha (twice) (D:4)
  10 iguanas
  18 orc wizards
  16 worker ants
  A hound zombie (D:9)
  A hound skeleton (D:8)
  Robin (D:2)
  7 gnolls
  11 adders
  A howler monkey zombie (D:10)
  2 oozes
  2 adder zombies (D:9)
  2 adder skeletons
  A dart slug (D:2)
  8 leopard geckos
  81 orcs
  A ball python (D:2)
  6 giant cockroaches
  11 goblins
  5 hobgoblins
  6 jackals
  5 quokkas
  5 bats
  2 frilled lizards
  14 kobolds
  A leopard gecko skeleton (D:5)
  A quokka skeleton (D:7)
  3 rats
454 creatures vanquished.

Vanquished Creatures (others)
  An unseen horror (D:11)
  An adder (D:5)
  2 jackals (D:5)
  40 fungi (D:8)
  25 plants (D:8)
69 creatures vanquished.

Grand Total: 523 creatures vanquished

Notes
Turn   | Place    | Note
-------+----------+-------------------------------------------
     0 | D:1      | inmateoo the Vine Stalker Earth Elementalist began the
                  | quest for the Orb.
     0 | D:1      | Reached XP level 1. HP: 9/9 MP: 4/4
    24 | D:1      | Reached skill level 1 in Fighting
   267 | D:1      | Reached XP level 2. HP: 14/14 MP: 6/6
   475 | D:1      | You fall into a shaft and drop 1 floor!
   722 | D:1      | Reached XP level 3. HP: 18/18 MP: 3/7
  1625 | D:2      | Noticed Robin
  1884 | D:2      | Killed Robin
  1884 | D:2      | Gained mutation: Your natural rate of healing is unusually
                  | fast. [Vine Stalker growth]
  1884 | D:2      | Reached XP level 4. HP: 5/24 MP: 0/8
  2314 | D:3      | Reached XP level 5. HP: 29/29 MP: 6/9
  2885 | D:3      | Reached skill level 5 in Fighting
  2885 | D:3      | Reached XP level 6. HP: 14/35 MP: 4/10
  2941 | D:3      | Reached skill level 1 in Unarmed Combat
  3242 | D:4      | Reached skill level 2 in Unarmed Combat
  3261 | D:4      | Reached skill level 1 in Throwing
  3288 | D:4      | Noticed Natasha
  3298 | D:4      | Killed Natasha
  3298 | D:4      | Reached XP level 7. HP: 33/39 MP: 11/11
  3578 | D:4      | Reached skill level 3 in Unarmed Combat
  3767 | D:4      | Noticed Natasha
  3773 | D:4      | Killed Natasha
  3998 | D:5      | Entered Level 5 of the Dungeon
  4126 | D:5      | Reached skill level 4 in Unarmed Combat
  4189 | D:5      | Gained mutation: You have razor-sharp teeth. [Vine Stalker
                  | growth]
  4189 | D:5      | Reached XP level 8. HP: 33/43 MP: 12/12
  4219 | D:5      | Reached skill level 5 in Unarmed Combat
  4249 | D:5      | Noticed Pikel
  4262 | D:5      | Killed Pikel
  4262 | D:5      | Reached skill level 6 in Unarmed Combat
  4331 | D:5      | Found an iron altar of Okawaru.
  4421 | D:5      | Found an ornate altar of the Wu Jian Council.
  4437 | D:5      | Found a staircase to the Ecumenical Temple.
  4531 | Temple   | Entered the Ecumenical Temple
  4538 | Temple   | Became a worshipper of Cheibriados the Contemplative
  4850 | D:6      | Reached skill level 7 in Unarmed Combat
  5033 | D:6      | Reached XP level 9. HP: 47/47 MP: 13/13
  5085 | D:6      | Reached skill level 8 in Unarmed Combat
  5151 | D:6      | Noticed Eustachio
  5179 | D:6      | Killed Eustachio
  5276 | D:6      | Reached * piety under Cheibriados
  5398 | D:6      | Reached skill level 9 in Unarmed Combat
  5644 | D:7      | Reached skill level 1 in Invocations
  5863 | D:7      | Reached ** piety under Cheibriados
  5999 | D:7      | Reached XP level 10. HP: 45/53 MP: 11/14
  6282 | D:8      | Reached *** piety under Cheibriados
  6287 | D:8      | Reached skill level 5 in Throwing
  6312 | D:8      | Reached skill level 10 in Unarmed Combat
  6578 | D:8      | Found a blossoming altar of Fedhas.
  6608 | D:8      | Reached **** piety under Cheibriados
  6831 | D:8      | Found a staircase to the Lair.
  7094 | D:8      | Killed an unseen horror
  7094 | D:8      | Reached skill level 11 in Unarmed Combat
  7094 | D:8      | Reached XP level 11. HP: 35/58 MP: 13/15
  7119 | D:8      | Identified the Almanac of Lethal Bewitchment
  7131 | D:8      | Got an ichor-stained lajatang
  7135 | D:8      | Got a brightly glowing rapier
  7142 | D:8      | Identified the cursed +0 lajatang of Xavur {flame, rElec
                  | Dex+6} (You found it on level 8 of the Dungeon)
  7144 | D:8      | Identified the +4 rapier of the Forsaken Wars {antimagic,
                  | rElec rPois rC++ Str-2} (You found it on level 8 of the
                  | Dungeon)
  7347 | D:9      | Reached skill level 5 in Dodging
  7452 | D:9      | Reached ***** piety under Cheibriados
  7590 | D:9      | Noticed a two-headed ogre
  7598 | D:9      | Killed a two-headed ogre
  7598 | D:9      | Reached skill level 5 in Invocations
  7842 | D:9      | Found a shimmering altar of Xom.
  7873 | D:9      | Noticed Maurice
  7880 | D:9      | Killed Maurice
  8089 | D:10     | Entered Level 10 of the Dungeon
  8183 | D:10     | Reached skill level 1 in Armour
  8272 | D:10     | Noticed a two-headed ogre
  8277 | D:10     | Killed a two-headed ogre
  8311 | D:10     | Found Aluifefi's Weapon Boutique.
  8635 | D:10     | Found Kuehilu's Jewellery Boutique.
  8640 | D:10     | Found Qalur's Antique Armour Shoppe.
  8647 | D:10     | Gained mutation: You heal very quickly. [Vine Stalker
                  | growth]
  8647 | D:10     | Reached XP level 12. HP: 52/63 MP: 13/17
  8653 | D:10     | Bought a smoking chain mail for 285 gold pieces
  8653 | D:10     | Bought an embroidered scarf for 240 gold pieces
  8674 | D:10     | Identified the +6 chain mail of Amop {rElec rF+ Slay+3}
                  | (You bought it in a shop on level 10 of the Dungeon)
  8828 | D:11     | Reached skill level 12 in Unarmed Combat
  8833 | D:11     | Reached skill level 1 in Shields
  8987 | D:11     | Noticed Grum
  8992 | D:11     | Killed Grum
  9069 | D:11     | Noticed a two-headed ogre
  9078 | D:11     | Killed a two-headed ogre
  9082 | D:11     | Reached ****** piety under Cheibriados
  9145 | D:11     | Found a hide-covered altar of Uskayaw.
  9238 | D:11     | Noticed a tengu reaver
  9238 | D:11     | Noticed a yaktaur captain
  9245 | D:11     | Killed a tengu reaver
  9250 | D:11     | Killed a yaktaur captain
  9439 | D:11     | Found a staircase to the Orcish Mines.
  9844 | D:12     | Noticed Nessos
  9863 | D:12     | Killed Nessos
  9899 | D:12     | Reached XP level 13. HP: 65/68 MP: 18/18
 10068 | D:12     | Noticed Sonja
 10255 | D:12     | Reached skill level 5 in Armour
 10274 | D:12     | Reached skill level 13 in Unarmed Combat
 11054 | D:13     | Noticed a fire dragon
 11076 | D:13     | Killed a fire dragon
 11091 | D:13     | Found a gate to the Vaults.
 12211 | D:15     | Entered Level 15 of the Dungeon
 12261 | D:15     | Noticed an ettin
 12267 | D:15     | Demolished by an ettin

Levels and vault maps discovered:
D:1:      giann_horns, layout_basic
D:2:      layout_rooms, first_ration, wad_floor_pattern_untrapped,
          minmay_liquid_box, kennysheep_potato, uniq_robin
D:3:      layout_loops_corners
D:4:      layout_loops_corners, grunt_decor_arrowhead, chequers_mini_garden,
          uniq_natasha
D:5:      minmay_angry_zag, layout_loops_ring, kennysheep_mini_moat,
          minmay_temple_entry_glassed_door, okawaru_ov_weapons_minmay,
          uniq_pikel
D:6:      layout_cave_pools, uniq_eustachio
D:7:      layout_cave_pools, st_stairs_7
D:8:      minmay_the_grid_square_5x5_3x3 [minmay_the_grid_square_5x5_corner,
          minmay_the_grid_square_5x5_inner_i,
          minmay_the_grid_square_5x5_eight_small,
          minmay_the_grid_square_5x5_slash,
          minmay_the_grid_square_5x5_megaprize_diamond,
          minmay_the_grid_square_5x5_seven, minmay_the_grid_square_5x5_shrine1,
          minmay_the_grid_square_5x5_longway,
          minmay_the_grid_square_5x5_almost_minimal], layout_rooms,
          due_lair_maze_entry_diamond
D:9:      layout_loops_ring, basic_altar, grunt_livestock, uniq_maurice
D:10:     layout_gridville, serial_shops, shop, nicolae_shop_statue_plus, shop
D:11:     minmay_shrinking_squares, layout_loops_cross, erik_orc_1,
          grunt_ministairs_2, lemuel_statue_altar, uniq_grum
D:12:     layout_irregular_city, uniq_nessos, uniq_sonja
D:13:     layout_loops_corners, david_vaults_4
D:14:     layout_roguey, chequers_serial_rivers_micro_d, kennysheep_crisscross,
          minmay_misc_feat_enclosed, st_stairs_1
D:15:     hangedman_depths_entry_civil_slaughter, layout_basic,
          nrook_mini_backslash, minivault_26, hangedman_decor_peaks_small,
          minivault_26
Temple:   minmay_crystal_snake_temple

Skill      XL: |  1  2  3  4  5  6  7  8  9 10 11 12 13 |
---------------+----------------------------------------+-----
Fighting       | 1 2 3 4 5 6 7 8 |  8.8
Unarmed Combat | 2 4 7 9 11 12 13 | 13.6
Dodging        | 2 3 4 5 6 7 |  7.0
Throwing       | 1 2 4 5 6 7 8 |  8.2
Invocations    | 2 4 5 6 7 |  7.4
Armour         | 2 4 6 |  6.3
Shields        | 4 |  4.0
Stealth        | |  2.4
Spellcasting   | |  2.1
Transmutations | |  1.0
Earth Magic    | |  3.0

Action                   |  1- 3 |  4- 6 |  7- 9 | 10-12 | 13-15 || total
-------------------------+-------+-------+-------+-------+-------++-------
Melee: Unarmed           |    16 |       |    68 |   488 |   222 ||   794
       Bite              |     5 |    34 |   105 |   269 |   128 ||   541
       Club              |     8 |       |       |       |       ||     8
       Dagger            |     1 |       |       |       |       ||     1
       Whip              |       |   107 |   219 |       |       ||   326
       Punch             |       |       |    12 |    20 |       ||    32
Throw: Boomerang         |    12 |     6 |    49 |    56 |    31 ||   154
       Stone             |     4 |       |       |    49 |       ||    53
       Dart              |       |       |    44 |    19 |       ||    63
       Javelin           |       |       |       |     3 |       ||     3
 Cast: Sandblast         |    46 |     5 |       |       |       ||    51
Invok: Bend Time         |       |       |       |     1 |       ||     1
       Slouch            |       |       |       |     3 |     1 ||     4
Evoke: Wand              |       |       |       |     2 |     1 ||     3
  Use: Scroll            |     5 |       |     7 |     9 |     5 ||    26
       Potion            |       |       |     1 |       |       ||     1
 Stab: Sleeping          |     1 |       |     6 |       |       ||     7
       Paralysed         |       |       |       |     5 |       ||     5
  Eat: Chunk             |     2 |     6 |     5 |     7 |     6 ||    26
       Ration            |       |       |     1 |     1 |       ||     2
Armor: Robe              |     3 |       |       |       |       ||     3
       Leather armour    |     8 |    28 |    92 |       |       ||   128
       Chain mail        |       |       |    37 |    76 |    70 ||   183
       Plate armour      |       |       |       |   183 |       ||   183
Dodge: Dodged            |    36 |    49 |   215 |   240 |   143 ||   683
Block: Buckler           |       |       |       |    32 |    91 ||   123
